Map: Simulacrum LE

Players

Kopankiewicz (Blysk)

  • Race: Protoss Protoss
  • League: Bronze
  • Spawn Location: 5:00

Acampado (EnDerr) - Winner!

  • Race: Zerg Zerg
  • Spawn Location: 11:00

Event: SEA Games 2019

VOD

https://www.twitch.tv/videos/519454718?t=01h18m58s

Description

Time

  • Played on: Dec. 9, 2019, 9:29 p.m.
  • Length: 11:59

All games in this series

Show
View Real Time Build Order
Export as new Build Order

Kopankiewicz Protoss 

Build Orders: 1 Gate Expand, Oracle Opening 

Get SALT Encoding   

  12  0:00  Probe  
  13  0:12  Probe  
  14  0:20  Pylon  
  14  0:24  Probe  
  15  0:38  Probe (Chrono Boost)  
  15  0:42  Gateway  
  16  0:44  Assimilator  
  16  0:47  Probe (Chrono Boost)  
  17  0:53  Probe  
  18  1:05  Probe  
  19  1:17  Probe  
  20  1:24  Nexus  
  20  1:29  Probe  
  21  1:39  Cybernetics Core  
  21  1:44  Assimilator  
  21  1:46  Probe  
  22  1:54  Pylon  
  22  1:58  Probe  
  23  2:12  Probe, Adept (Chrono Boost)  
  26  2:18  Stargate  
  26  2:24  Probe  
  26  2:28  Warp Gate  
  27  2:33  Adept (Chrono Boost)  
  27  2:36  Probe  
  30  2:39  Probe  
  31  2:48  Probe  
  31  2:51  Probe  
  33  2:54  Adept  
  33  2:58  Pylon  
  35  3:06  Void Ray (Chrono Boost)  
  35  3:10  Probe  
  38  3:19  Probe  
  39  3:22  Probe  
  39  3:23  Gateway  
  40  3:31  Probe  
  41  3:34  Probe  
  41  3:37  Pylon  
  41  3:39  Oracle (Chrono Boost)  
  42  3:43  Probe  
  46  3:48  Probe  
  46  3:55  Probe  
  47  4:01  Probe  
  48  4:03  Assimilator  
  48  4:05  Assimilator  
  48  4:07  Probe  
  49  4:13  Probe  
  50  4:23  Stargate  
  51  4:24  Adept  
  51  4:29  Zealot  
  52  4:36  Nexus  
  48  4:39  Pylon  
  48  4:43  Probe (Chrono Boost)  
  48  4:44  Pylon  
  48  4:45  Probe (Chrono Boost)  
  51  4:53  Probe (Chrono Boost)  
  51  4:54  Probe (Chrono Boost)  
  51  4:58  Probe (Chrono Boost)  
  51  4:59  Probe  
  54  5:07  Oracle (Chrono Boost)  
  54  5:10  Probe  
  54  5:11  Probe, Oracle (Chrono Boost)  
  62  5:14  Zealot  
  62  5:15  Adept  
  66  5:22  Probe, Shield Battery  
  66  5:24  Probe  
  66  5:34  Probe  
  65  5:36  Probe  
  65  5:41  Oracle (Chrono Boost)  
  69  5:46  Probe  
  69  5:48  Probe, Pylon  
  69  5:49  Oracle (Chrono Boost)  
  74  5:50  Zealot  
  74  5:51  Adept  
  77  5:57  Probe  
  77  5:58  Probe  
  77  6:03  Robotics Facility  
  79  6:07  Forge  
  79  6:11  Zealot, Adept  
  81  6:15  Probe x2  
  85  6:25  Robotics Facility  
  83  6:27  Probe, Shield Battery  
  83  6:28  Probe, Pylon  
  87  6:35  Probe  
  87  6:38  Pylon  
  87  6:39  Probe  
  86  6:40  Probe  
  86  6:43  Gateway  
  87  6:47  Probe  
  87  6:50  Zealot x2  
  87  6:51  Probe  
  87  6:52  Probe, Protoss Ground Weapons Level 1 (Chrono Boost)  
  91  6:59  Probe  
  92  7:02  Assimilator  
  92  7:03  Probe  
  92  7:04  Probe  
  92  7:05  Assimilator  
  94  7:11  Immortal (Chrono Boost)  
  94  7:12  Immortal (Chrono Boost)  
  102  7:17  Shield Battery  
  102  7:20  Shield Battery  
  102  7:22  Zealot x2  
  101  7:34  Probe  
  101  7:35  Probe  
  92  7:39  Immortal (Chrono Boost)  
  92  7:40  Stalker  
  92  7:43  Immortal (Chrono Boost)  
  89  7:46  Stalker  
  89  7:47  Probe  
  82  7:56  Stalker  
  82  7:57  Probe  
  82  7:58  Probe  
  83  7:59  Probe  
  79  8:10  Probe x2  
  79  8:12  Probe  
  72  8:24  Probe x2 (Chrono Boost)  
  72  8:25  Probe (Chrono Boost)  
  68  8:32  Zealot x2  
  74  8:35  Probe (Chrono Boost)  
  74  8:38  Observer, Probe (Chrono Boost)  
  74  8:39  Probe (Chrono Boost)  
  74  8:41  Probe (Chrono Boost)  
  76  8:46  Probe x2  
  79  8:51  Probe (Chrono Boost)  
  73  8:58  Probe (Chrono Boost)  
  71  9:03  Probe (Chrono Boost)  
  71  9:08  Probe (Chrono Boost)  
  71  9:10  Probe (Chrono Boost), Immortal (Chrono Boost)  
  71  9:12  Probe (Chrono Boost)  
  71  9:14  Probe (Chrono Boost)  
  75  9:17  Probe  
  75  9:18  Observer (Chrono Boost)  
  75  9:21  Pylon  
  75  9:23  Probe, Pylon  
  77  9:26  Probe  
  77  9:29  Probe  
  79  9:35  Probe  
  79  9:36  Pylon, Sentry x2  
  79  9:37  Sentry  
  86  9:38  Probe  
  86  9:41  Probe  
  88  9:47  Probe  
  81  9:57  Immortal (Chrono Boost)  
  86  10:05  Stalker, Sentry  
  86  10:06  Immortal (Chrono Boost)  
  88  10:07  Sentry  
  88  10:08  Probe  
  84  10:20  Probe x2  
  84  10:21  Probe  
  81  10:23  Assimilator  
  74  10:29  Zealot x2  
  74  10:34  Probe  
  76  10:36  Stalker  
  76  10:38  Immortal (Chrono Boost)  
  71  10:50  Zealot x2  
  73  11:00  Immortal (Chrono Boost)  
  73  11:02  Stalker  
  57  11:08  Immortal (Chrono Boost)  
  51  11:19  Sentry x2  
  53  11:32  Zealot  
Show
View Real Time Build Order
Export as new Build Order

Acampado Zerg - Winner!

Build Orders: Hatch First, Roach Hydra 

Get SALT Encoding   

  12  0:00  Drone  
  13  0:13  Overlord  
  13  0:17  Drone  
  14  0:31  Drone x2  
  16  0:49  Hatchery  
  15  0:52  Drone  
  15  0:55  Drone  
  17  0:59  Drone  
  18  1:10  Extractor  
  17  1:16  Spawning Pool  
  17  1:18  Drone  
  17  1:21  Drone  
  18  1:30  Drone  
  19  1:42  Drone  
  20  1:51  Drone  
  21  2:03  Queen, Zergling x4  
  21  2:04  Queen  
  27  2:12  Metabolic Boost  
  27  2:14  Overlord  
  27  2:15  Zergling x2  
  28  2:34  Drone x4  
  32  2:44  Hatchery  
  32  2:47  Zergling x2  
  32  2:52  Overlord  
  32  2:58  Drone x2  
  33  3:12  Zergling x6  
  36  3:13  Zergling x8  
  36  3:15  Zergling x2  
  40  3:21  Queen  
  42  3:30  Overlord  
  42  3:33  Spore Crawler  
  42  3:34  Drone  
  42  3:39  Drone x2  
  44  3:52  Drone x6  
  50  4:00  Drone x2  
  50  4:02  Queen  
  54  4:03  Drone  
  54  4:04  Pneumatized Carapace  
  55  4:10  Drone x2  
  56  4:19  Drone  
  56  4:20  Drone  
  55  4:33  Zergling x2  
  55  4:34  Zergling x4  
  55  4:38  Overlord x2  
  55  4:42  Queen  
  55  4:45  Lair  
  57  4:47  Overlord  
  57  4:48  Overlord x2  
  56  4:59  Drone x4  
  62  5:00  Drone x2  
  62  5:04  Drone  
  62  5:05  Roach Warren  
  62  5:16  Zergling x2  
  62  5:17  Zergling x20  
  72  5:25  Overlord  
  72  5:27  Spore Crawler x2  
  67  5:37  Queen  
  67  5:38  Extractor  
  67  5:39  Extractor  
  67  5:40  Drone x3  
  67  5:41  Drone x5  
  75  5:45  Drone x3  
  75  5:46  Drone  
  79  5:54  Overlord  
  78  5:58  Glial Reconstitution  
  78  5:59  Overlord  
  78  6:02  Extractor, Drone x3  
  79  6:04  Overlord  
  79  6:11  Queen  
  79  6:12  Drone x2  
  79  6:13  Drone  
  84  6:20  Nydus Network  
  80  6:26  Queen, Overlord  
  80  6:28  Roach x5  
  80  6:31  Queen  
  94  6:35  Drone  
  94  6:36  Extractor, Roach  
  95  6:49  Roach x7  
  103  6:57  Nydus Canal  
  103  6:59  Roach x4  
  111  7:04  Queen  
  108  7:10  Queen  
  108  7:11  Drone x3  
  108  7:12  Drone x2  
  115  7:22  Nydus Canal  
  115  7:25  Roach  
  117  7:31  Roach  
  117  7:32  Roach x2  
  117  7:33  Roach  
  117  7:35  Queen  
  117  7:36  Roach x2  
  128  7:38  Roach x2  
  130  7:47  Roach  
  130  7:52  Roach x2  
  130  7:53  Roach  
  124  8:01  Hydralisk Den  
  124  8:03  Extractor  
  120  8:11  Roach  
  120  8:12  Roach  
  108  8:13  Roach  
  108  8:19  Roach  
  100  8:20  Roach x5  
  100  8:25  Roach x2  
  102  8:30  Nydus Canal, Evolution Chamber  
  102  8:31  Roach x3  
  101  8:37  Drone  
  101  8:38  Drone x4  
  101  8:40  Grooved Spines  
  106  8:48  Drone x2  
  108  8:51  Hatchery  
  108  8:54  Hydralisk x3  
  111  8:56  Hydralisk  
  111  8:57  Hydralisk x2  
  117  9:05  Hydralisk  
  117  9:08  Hydralisk x3  
  123  9:11  Hydralisk x2  
  115  9:18  Zergling x10  
  115  9:21  Zerg Missile Weapons Level 1  
  120  9:25  Nydus Canal  
  120  9:35  Queen, Drone  
  120  9:36  Drone  
  120  9:37  Drone x4  
  128  9:40  Nydus Canal  
  128  9:49  Hydralisk x2  
  128  9:51  Muscular Augments  
  120  10:02  Hydralisk x2  
  120  10:03  Hydralisk x2  
  120  10:04  Hydralisk  
  120  10:05  Zergling x2  
  120  10:06  Hydralisk  
  128  10:09  Hydralisk  
  128  10:10  Hydralisk x2  
  128  10:11  Hydralisk  
  128  10:14  Roach  
  126  10:16  Hydralisk  
  126  10:17  Hydralisk  
  128  10:27  Hydralisk  
  128  10:28  Extractor  
  126  10:38  Hydralisk  
  126  10:39  Hydralisk  
  126  10:40  Hydralisk  
  128  10:43  Roach  
  128  10:45  Roach x2  
  128  10:46  Overseer, Roach x2  
  128  10:47  Roach  
  128  10:50  Roach  
  114  11:05  Roach x5  
  114  11:06  Roach x4  
  114  11:09  Hydralisk  
  128  11:18  Drone x2  
  128  11:26  Spore Crawler  
  128  11:31  Nydus Canal, Hydralisk  
  128  11:32  Drone  
  128  11:46  Nydus Canal  
Tags
 
Add a new tag
Caveats
  • Supply blocks, unpowered buildings, or Contaminate may cause inaccurate times.
  • Supply counts are checked every 10 seconds.